Map: Chantier naval orbital

Players

CrownedDDL

  • Race: Terran Terran

AgCl - Winner!

  • Race: Protoss Protoss

VOD

Have the link to the VOD?

Description

Time

  • Played on: May 6, 2015, 8:53 p.m.
  • Length: 4:48
Show
View Real Time Build Order
Export as new Build Order

CrownedDDL Terran 

Build Orders: Siege Tank Drop 

Get SALT Encoding   

  12  0:02  SCV  
  13  0:14  SCV  
  14  0:22  Supply Depot  
  14  0:26  SCV  
  15  0:43  SCV  
  15  0:45  Barracks  
  15  0:48  Refinery  
  16  0:55  SCV  
  17  1:07  SCV  
  18  1:15  Refinery  
  18  1:19  SCV  
  19  1:32  SCV  
  20  1:33  Reaper  
  20  1:37  Supply Depot  
  21  1:44  Orbital Command  
  21  2:08  Barracks Tech Lab  
  21  2:09  Factory  
  21  2:23  Command Center  
  21  2:27  SCV  
  22  2:31  Marauder  
  24  2:42  SCV  
  24  2:54  SCV  
  25  2:58  Starport  
  25  3:06  SCV  
  25  3:12  Siege Tank  
  29  3:18  Marine  
  30  3:21  SCV  
  30  3:23  Supply Depot  
  31  3:36  Medivac  
  32  3:53  Siege Tank  
  32  3:54  Barracks Reactor, Orbital Command  
  35  3:56  SCV  
  36  4:08  SCV  
  37  4:16  Medivac  
  39  4:20  SCV  
  39  4:21  Missile Turret  
  36  4:31  SCV  
  36  4:32  SCV  
Show
View Real Time Build Order
Export as new Build Order

AgCl Protoss - Winner!

Build Orders: Oracle Opening, Oracle Opening, Phoenix Opening 

Get SALT Encoding   

  12  0:17  Pylon  
  12  0:27  Assimilator  
  12  0:39  Gateway  
  12  0:41  Probe  
  13  0:53  Probe  
  13  0:56  Pylon  
  13  1:05  Probe (Chrono Boost)  
  14  1:14  Probe (Chrono Boost)  
  15  1:22  Probe  
  16  1:26  Zealot (Chrono Boost)  
  16  1:31  Cybernetics Core  
  18  1:34  Probe (Chrono Boost)  
  18  1:38  Assimilator  
  19  1:46  Probe (Chrono Boost)  
  21  1:55  Probe (Chrono Boost)  
  21  2:03  Probe (Chrono Boost)  
  22  2:09  Stargate  
  22  2:15  Probe (Chrono Boost)  
  23  2:19  Adept  
  26  2:23  Probe (Chrono Boost)  
  26  2:27  Warp Gate  
  26  2:32  Probe  
  27  2:44  Probe  
  28  2:59  Pylon  
  29  3:16  Oracle (Chrono Boost)  
  31  3:23  Probe  
  32  3:27  Nexus  
  32  3:35  Probe  
  33  3:47  Probe (Chrono Boost)  
  32  3:53  Fleet Beacon  
  32  3:55  Phoenix  
  32  3:59  Probe (Chrono Boost)  
  33  4:08  Mothership Core (Chrono Boost)  
  35  4:21  Pylon  
Tags
 
Add a new tag
Caveats
  • Supply blocks, unpowered buildings, or Contaminate may cause inaccurate times.
  • Supply counts are checked every 10 seconds.